 Dungeon Crawl Stone Soup version 0.31-a0-7-g51783674b7 (webtiles) character file.

Game seed: 715799395538065599

95 jimonade the Trooper (level 4, -3/37 HPs)
             Began as a Formicid Monk on May 6, 2023.
             Slain by a black bear (6 damage)
             ... on level 3 of the Dungeon.
             The game lasted 00:03:01 (2419 turns).

jimonade the Trooper (Formicid Monk)                Turns: 2419, Time: 00:03:02

Health: -3/37      AC:  3    Str: 16    XL:     4   Next: 95%
Magic:  4/4        EV: 13    Int:  9    God:
Gold:   105        SH:  0    Dex: 18    Spells: 3/3 levels left

rFire   . . .        a - +0 falchion
rCold   . . .        d - orb {light}
rNeg    . . .        o - +0 leather armour
rPois   .            (helmet unavailable)
rElec   .            (no cloak)
rCorr   .            (no gloves)
SInv    +            (no boots)
Will    .....        (no amulet)
Stlth   +            (no ring)
HPRegen 0.26/turn    (no ring)
MPRegen 0.09/turn

%: no passive effects
@: glowing
A: permanent stasis, dig shafts and tunnels, antennae 3, four strong arms
a: Dig, Shaft Self


You were on level 3 of the Dungeon.
You visited 1 branch of the dungeon, and saw 4 of its levels.

You collected 105 gold pieces.

Inventory:

Hand Weapons
 a - a +0 falchion (weapon)
 i - a +0 short sword
Missiles
 j - 2 poisoned darts
Armour
 b - a +0 robe
 d - an orb of light (worn)
 o - a +0 leather armour (worn)
Jewellery
 q - an amulet of regeneration
 x - an amulet of reflection
 y - a +6 ring of dexterity
Wands
 r - a wand of polymorph (7)
Scrolls
 g - 5 scrolls of identify {unknown}
 h - a scroll of brand weapon {unknown}
 l - a scroll of acquirement {unknown}
 m - 3 scrolls of magic mapping {unknown}
 n - a scroll of teleportation {unknown}
 p - a scroll of fear {unknown}
 z - a scroll of vulnerability {unknown}
 A - 2 scrolls of enchant armour {unknown}
Potions
 c - a potion of ambrosia
 e - a potion of might {unknown}
 f - 2 potions of flight {unknown}
 k - a potion of curing {unknown}
 s - a potion of magic {unknown}
 t - 2 potions of resistance {unknown}
 u - 2 potions of heal wounds {unknown}
 v - a potion of cancellation {unknown}
 w - a potion of degeneration {unknown}


   Skills:
 + Level 4.0 Fighting
 + Level 4.0 Long Blades
 + Level 1.3 Armour
 + Level 3.3 Dodging


You had 3 spell levels left.
You didn't know any spells.
Your spell library contained the following spells:

 Spells                   Type           Power      Damage    Failure   Level
 Slow                     Hex            0%         N/A       45%         1
 Confusing Touch          Hex            0%         N/A       83%         3
 Inner Flame              Hex/Fire       0%         N/A       83%         3
 Ozocubu's Armour         Ice            0%         N/A       83%         3
 Vampiric Draining        Necr           0%         2d6       83%         3
 Summon Lightning Spire   Summ/Air       0%         N/A       99%         4
 Metabolic Englaciation   Hex/Ice        0%         N/A       100%        5
 Yara's Violent Unravell  Hex/Tmut       0%         3d3       100%        5
 Simulacrum               Ice/Necr       0%         N/A       100%        6
 Enfeeble                 Hex            0%         N/A       100%        7
 Storm Form               Tmut/Air       0%         N/A       100%        7
 Maxwell's Capacitive Co  Air            0%         ∞         100%        8


Dungeon Overview and Level Annotations

Branches:
Dungeon (4/15)
 Temple: D:4-7

Altars:
Fedhas


Innate Abilities, Weirdness & Mutations

You cannot be hasted, slowed, berserked, paralysed or teleported.
You can dig through walls and to a lower floor.
You have a pair of large antennae on your head. (SInv)
Your four strong arms can wield two-handed weapons with a shield.


Message History

There is a stone staircase leading down, spattered with blood here.
You climb downwards.
The endoplasm quivers.
The black bear growls angrily.
The jelly quivers.
You hear an angry hiss.
Found a blossoming altar of Fedhas.
There is a stone staircase leading up here.
An iguana comes into view.
The black bear closely misses you.
The black bear claws you but does no damage. x2
You climb upwards.
There is a stone staircase leading down, spattered with blood here.
You hit the black bear but do no damage.
The black bear bites you.
The black bear claws you but does no damage.
The black bear claws you.
You hit the black bear.
The black bear is lightly wounded.
The black bear misses you. The black bear barely misses you. x2
You hit the black bear.
The black bear is heavily wounded.
The black bear bites you! The black bear claws you.
The black bear closely misses you.
You hit the black bear.
The black bear is severely wounded.
The black bear completely misses you. The black bear claws you. x2
You are too injured to fight recklessly!
You are too injured to fight recklessly!
You are too injured to fight recklessly!
You hit the black bear.
The black bear is severely wounded.
The black bear goes berserk!
You hit the black bear.
The black bear is almost dead.
The black bear barely misses you. The black bear completely misses you.
The black bear claws you. The black bear bites you!
* * * LOW HITPOINT WARNING * * *
The black bear claws you.
You die...

#........#
#...<....#
#........#
#.8...8..#
##.......#
######...8.#.##
#.............#
#.###########.######
#.##........#..†@h.#
#.##.###....#..###.#
..##.###.####..###.#
####.#.............#
.......#.#.....##..#
####.#<#.#..#......#
.....#.#.#........##
########.#..#######
)........#..########


You could see a black bear (berserk).

Vanquished Creatures
  5 adders
  4 dart slugs (D:1)
  6 ball pythons
  3 endoplasms
  4 giant cockroaches
  5 goblins
  3 hobgoblins
  3 quokkas
  4 bats
  4 frilled lizards
  2 kobolds (D:1)
  2 rats
45 creatures vanquished.

Notes
Turn   | Place    | Note
-------+----------+-------------------------------------------
     0 | D:1      | jimonade the Formicid Monk began the quest for the Orb.
     0 | D:1      | Reached XP level 1. HP: 18/18 MP: 1/1
    51 | D:1      | Reached XP level 2. HP: 20/24 MP: 2/2
   221 | D:1      | Reached XP level 3. HP: 30/30 MP: 3/3
   507 | D:1      | Found a faded altar of an unknown god.
   658 | D:2      | Reached skill level 1 in Armour
   658 | D:2      | Reached XP level 4. HP: 20/37 MP: 4/4
  2407 | D:4      | Noticed a black bear
  2407 | D:4      | Found a blossoming altar of Fedhas.
  2419 | D:3      | Slain by a black bear

Illustrated notes

Levels and vault maps discovered:
D:1:      matt_arrival_grand_opening, layout_basic,
          hellmonk_ecumenical_altar_run_dry, serial_bayou_pond_b
D:2:      layout_basic
D:3:      layout_basic, grunt_ministairs_2, eino_curves_01
D:4:      layout_loops_ring, mainiacjoe_overflow_surrounded_room,
          mainiacjoe_overflow_tiny_flanked, st_stairs_10, hex_large,
          minmay_unequal

Skill      XL: |  1  2  3  4 |
---------------+-------------+-----
Dodging        | 3 |  3.3
Armour         | 1 |  1.3
Fighting       | 4 |  4.0
Long Blades    | 4 |  4.0

Action                     |  1- 3 |  4- 6 || total
---------------------------+-------+-------++-------
  Melee: Falchion          |    60 |    63 ||   123
Ability: Dig               |       |     1 ||     1
 Armour: Robe              |    12 |       ||    12
         Leather armour    |     2 |    14 ||    16
  Dodge: Dodged            |    52 |    59 ||   111

Table legend: (Time is in decaauts)
 A = Elapsed time spent in this place.
 B = Non-inter-level travel time spent in this place.
 C = Inter-level travel time spent in this place.
 D = Time resting spent in this place.
 E = Time spent auto-exploring this place.
 F = Levels seen in this place.
 G = Mean time per level.
                   A        B        C        D        E       F      G
               +--------+--------+--------+--------+--------+-----+--------+
         Total |   2438 |   2212 |    226 |      0 |   1818 |   4 |  609.5 |
       Dungeon |   2438 |   2212 |    226 |      0 |   1818 |   4 |  609.5 |
               +--------+--------+--------+--------+--------+-----+--------+

Top non-repeatable levels by time:
     D:2: 951 daAuts
     D:3: 846 daAuts
     D:1: 635 daAuts
     D:4: 5 daAuts
